Map: Frozen Temple

Players

ExE - Winner!

  • Race: Terran Terran
  • League: Grandmaster

ThisGameSuck

  • Race: Protoss Protoss
  • League: Grandmaster

VOD

Have the link to the VOD?

Description

Time

  • Played on: June 30, 2016, 2:19 p.m.
  • Length: 14:32
Show
View Real Time Build Order
Export as new Build Order

ExE Terran - Winner!

Build Orders: MMM Bio 

Get SALT Encoding   

  12  0:00  SCV  
  13  0:13  SCV  
  14  0:18  Supply Depot  
  14  0:25  SCV  
  15  0:39  SCV  
  15  0:41  Barracks  
  16  0:44  Refinery  
  16  0:51  SCV  
  17  1:03  SCV  
  18  1:15  SCV  
  19  1:27  Marine  
  19  1:28  Orbital Command  
  20  1:43  Command Center  
  20  1:46  Barracks Reactor  
  20  1:54  SCV  
  21  2:02  Barracks  
  21  2:06  SCV  
  22  2:14  Supply Depot  
  22  2:19  SCV  
  22  2:22  Barracks  
  23  2:35  Marine x2, SCV  
  26  2:47  Refinery  
  26  2:50  Barracks Tech Lab  
  26  2:52  SCV  
  26  2:54  Orbital Command  
  26  2:55  Marine  
  26  2:56  Marine  
  29  3:07  Factory  
  29  3:11  Stimpack  
  30  3:15  Marine  
  30  3:17  SCV  
  30  3:19  Marine  
  33  3:22  Barracks Tech Lab  
  33  3:25  SCV  
  33  3:29  SCV  
  34  3:35  Marauder  
  34  3:37  Supply Depot, SCV  
  34  3:41  SCV  
  38  3:43  Combat Shields  
  38  3:49  SCV  
  38  3:53  Widow Mine, SCV  
  42  3:58  Refinery  
  42  3:59  Marine x2  
  42  4:01  SCV  
  45  4:02  Supply Depot  
  45  4:05  SCV  
  45  4:07  Marine  
  47  4:14  Starport  
  47  4:18  SCV x2  
  47  4:22  Factory Reactor  
  49  4:25  Supply Depot  
  49  4:26  Supply Depot  
  49  4:30  SCV x2  
  51  4:34  Marauder  
  51  4:36  Marauder  
  55  4:39  Marine  
  55  4:40  Marine  
  55  4:44  SCV  
  58  4:50  SCV  
  58  4:52  Supply Depot  
  59  4:56  SCV  
  60  5:00  Marauder x2  
  60  5:02  SCV  
  60  5:05  Concussive Shells  
  65  5:08  Medivac x2  
  65  5:10  SCV  
  70  5:14  SCV  
  70  5:16  Factory Reactor  
  70  5:17  Marine x2  
  73  5:23  SCV  
  73  5:25  Marauder x2  
  78  5:31  SCV  
  79  5:38  Marine x2  
  79  5:41  Command Center  
  81  5:46  Medivac x2  
  81  5:49  Supply Depot  
  85  5:52  Engineering Bay  
  85  5:56  Supply Depot  
  85  6:01  SCV  
  86  6:10  SCV  
  74  6:19  Marauder x2  
  69  6:30  Marine x2  
  69  6:35  Terran Infantry Weapons Level 1  
  69  6:36  Barracks, SCV x2  
  69  6:38  Refinery, Barracks  
  71  6:40  Marauder  
  71  6:43  Marine, Factory Reactor  
  71  6:45  Medivac  
  71  6:46  Medivac  
  78  6:47  Marine  
  78  6:48  SCV x2  
  81  6:54  Marine  
  81  6:57  Orbital Command  
  81  7:00  SCV x2  
  81  7:01  Marine, Marauder, Liberator  
  86  7:02  Liberator  
  86  7:05  Marine  
  88  7:09  Supply Depot  
  88  7:11  Supply Depot  
  88  7:12  Marine, SCV x2  
  91  7:19  Marauder  
  91  7:22  Marine  
  100  7:23  SCV  
  100  7:24  SCV x2  
  100  7:26  Marine  
  100  7:27  Barracks Tech Lab  
  100  7:28  Marine  
  105  7:32  Widow Mine x2  
  105  7:33  Marine x2  
  105  7:35  SCV  
  112  7:40  Marauder, SCV x2  
  112  7:41  Marauder  
  112  7:43  Refinery, Marine  
  119  7:45  Refinery  
  119  7:46  Marauder  
  119  7:49  SCV  
  122  7:52  Supply Depot  
  122  7:53  Supply Depot  
  122  7:56  Supply Depot, SCV x2  
  124  7:58  Marine x2  
  124  8:00  Marine  
  124  8:01  Marauder  
  124  8:02  Marauder  
  124  8:04  SCV  
  132  8:08  SCV  
  133  8:13  Supply Depot, SCV  
  133  8:14  Supply Depot x2  
  135  8:23  Marine x2, Medivac x2  
  135  8:24  Marine, Marauder x2  
  145  8:28  Marine, Marauder  
  147  8:41  Marine x2  
  147  8:42  Marine  
  147  8:44  Widow Mine x2  
  147  8:45  Marauder x2  
  147  8:46  Marine  
  159  8:50  Marauder  
  159  8:53  Medivac x2  
  165  8:59  Marine  
  165  9:07  Marauder  
  143  9:21  Marauder  
  143  9:22  Marine x2, Marauder  
  143  9:23  Medivac x2  
  144  9:28  Marauder  
  141  9:31  Marine x2  
  143  9:38  Barracks  
  143  9:39  Terran Infantry Armor Level 1, Barracks  
  143  9:40  Marine, Barracks  
  143  9:42  Armory  
  143  9:43  Marauder x2  
  143  9:44  Engineering Bay  
  143  9:45  Command Center, Liberator  
  148  9:47  Supply Depot x2  
  148  9:48  Starport, Marine, Fusion Core  
  148  9:49  Marauder  
  151  10:01  Marine  
  151  10:04  Marauder  
  151  10:05  Marauder  
  151  10:06  Marine x2  
  159  10:11  Marauder  
  152  10:25  Marauder  
  152  10:26  Marauder  
  147  10:31  Liberator x2  
  139  10:38  Marine, Marauder  
  127  10:46  Marine x2, Barracks Tech Lab  
  127  10:47  Barracks Reactor, Marine, Barracks Tech Lab, Marauder x2  
  128  10:56  Marine  
  129  10:59  Marauder  
  129  11:04  Marine x2  
  129  11:05  Marine  
  129  11:08  Marauder x3  
  129  11:09  Marauder  
  129  11:10  Terran Infantry Weapons Level 2  
  140  11:13  Marine  
  140  11:14  Planetary Fortress, Liberator  
  140  11:17  Missile Turret  
  130  11:21  Marauder  
  130  11:22  Marine x3  
  135  11:29  Marauder x3  
  135  11:31  Marauder  
  135  11:32  Marine  
  118  11:41  Marine x4  
  118  11:42  Marauder  
  118  11:43  Liberator  
  122  11:50  Marine x2  
  122  11:51  Marauder x3  
  122  11:53  Marauder  
  135  12:01  Starport Tech Lab  
  135  12:02  Widow Mine x2  
  139  12:13  Terran Infantry Armor Level 2  
  139  12:14  Command Center, Liberator  
  139  12:18  Liberator  
  139  12:20  Marine x2, Marauder x4  
  149  12:23  Ghost Academy  
  149  12:26  Liberator  
  149  12:33  Advanced Ballistics  
  155  12:38  Marauder  
  155  12:41  Marauder  
  155  12:42  Marine, Marauder  
  155  12:43  Marine, Marauder  
  168  12:46  Marine, Marauder  
  171  12:57  Liberator  
  165  13:00  Marine x4, Marauder  
  165  13:01  Marine  
  165  13:03  Marine x2, Marauder  
  162  13:10  Marauder  
  162  13:11  Marine  
  142  13:18  Marine  
  142  13:19  Marine  
  125  13:20  Marine  
  125  13:21  Marauder  
  125  13:22  Marauder x2  
  125  13:24  Marauder  
  125  13:25  Medivac  
  128  13:30  Medivac  
  128  13:31  Marauder  
  124  13:34  Marine x2  
  124  13:35  Marine  
  124  13:37  Marine  
  124  13:38  Marine x2  
  112  13:43  Marauder x2  
  112  13:45  Marauder  
  116  13:50  Widow Mine x2  
  116  13:55  Medivac  
  120  13:57  Medivac  
  120  13:59  Missile Turret  
  120  14:00  Medivac  
  124  14:06  Marauder  
  124  14:08  Marine x2  
Show
View Real Time Build Order
Export as new Build Order

ThisGameSuck Protoss 

Build Orders: 1 Gate Expand, Blink Stalkers 

Get SALT Encoding   

  12  0:01  Probe (Chrono Boost)  
  13  0:11  Probe (Chrono Boost)  
  14  0:18  Pylon  
  14  0:22  Probe (Chrono Boost)  
  15  0:36  Probe (Chrono Boost)  
  15  0:37  Gateway  
  16  0:47  Probe (Chrono Boost)  
  16  0:48  Assimilator  
  17  0:57  Probe (Chrono Boost)  
  18  1:08  Probe (Chrono Boost)  
  19  1:20  Nexus  
  20  1:29  Cybernetics Core  
  20  1:32  Probe (Chrono Boost)  
  20  1:37  Assimilator  
  20  1:42  Probe (Chrono Boost)  
  21  1:47  Pylon  
  21  1:53  Probe (Chrono Boost)  
  22  2:06  Mothership Core (Chrono Boost)  
  24  2:12  Adept  
  26  2:18  Warp Gate  
  26  2:24  Probe (Chrono Boost)  
  27  2:33  Probe (Chrono Boost)  
  27  2:35  Probe (Chrono Boost)  
  27  2:36  Robotics Facility  
  29  2:44  Probe (Chrono Boost)  
  30  2:45  Probe (Chrono Boost)  
  31  2:54  Probe (Chrono Boost)  
  31  2:56  Probe (Chrono Boost)  
  33  2:59  Assimilator  
  33  3:00  Twilight Council  
  33  3:05  Probe (Chrono Boost)  
  34  3:06  Probe (Chrono Boost)  
  35  3:15  Probe (Chrono Boost)  
  35  3:17  Probe (Chrono Boost)  
  37  3:21  Gateway  
  37  3:23  Gateway  
  37  3:24  Probe (Chrono Boost)  
  38  3:27  Probe (Chrono Boost)  
  38  3:28  Observer (Chrono Boost)  
  38  3:33  Pylon  
  40  3:36  Probe (Chrono Boost)  
  40  3:40  Probe (Chrono Boost)  
  42  3:41  Blink (Chrono Boost)  
  42  3:45  Observer  
  42  3:47  Probe  
  44  3:55  Probe  
  45  3:59  Pylon, Probe  
  46  4:03  Pylon  
  46  4:06  Observer  
  46  4:07  Probe  
  48  4:11  Probe  
  49  4:19  Probe  
  49  4:23  Probe  
  51  4:25  Observer, Stalker x3  
  51  4:31  Probe  
  59  4:35  Probe  
  60  4:43  Pylon, Probe  
  61  4:47  Probe  
  61  4:48  Stalker x3  
  68  4:55  Probe  
  70  5:00  Pylon, Probe (Chrono Boost)  
  70  5:07  Probe (Chrono Boost)  
  71  5:14  Nexus  
  71  5:16  Sentry  
  71  5:17  Pylon  
  71  5:19  Probe (Chrono Boost)  
  71  5:21  Assimilator  
  75  5:22  Pylon  
  75  5:25  Immortal (Chrono Boost)  
  75  5:27  Probe  
  79  5:30  Probe  
  79  5:39  Probe  
  79  5:42  Probe  
  81  5:44  Stalker x2  
  81  5:47  Stalker  
  87  5:52  Probe  
  87  5:53  Pylon  
  87  5:55  Probe  
  89  6:04  Immortal (Chrono Boost), Probe  
  94  6:08  Adept x2  
  90  6:19  Adept  
  86  6:26  Probe x2  
  86  6:30  Resonating Glaives  
  87  6:33  Forge  
  87  6:34  Forge  
  87  6:35  Mothership Core  
  87  6:37  Immortal (Chrono Boost)  
  87  6:38  Probe x2  
  94  6:50  Probe x2  
  96  6:54  Probe  
  96  7:00  Pylon  
  96  7:01  Stalker x3  
  99  7:02  Probe  
  99  7:03  Probe  
  99  7:06  Gateway  
  99  7:07  Gateway, Immortal  
  106  7:09  Protoss Ground Weapons Level 1 (Chrono Boost), Protoss Ground Armor Level 1 (Chrono Boost)  
  106  7:13  Probe  
  106  7:15  Probe  
  111  7:25  Gateway x2  
  111  7:27  Probe x2  
  111  7:28  Templar Archives  
  113  7:31  Sentry  
  113  7:33  Assimilator  
  113  7:35  Assimilator  
  115  7:38  Pylon  
  115  7:42  Gateway  
  115  7:44  Gateway  
  115  7:45  Immortal  
  115  7:46  Pylon  
  115  7:48  Adept x2  
  123  7:56  Stalker  
  125  8:09  Stargate  
  125  8:11  Adept  
  125  8:12  Adept  
  129  8:27  Pylon  
  129  8:28  Nexus  
  129  8:29  Pylon  
  129  8:30  Adept x5  
  129  8:31  Pylon  
  129  8:33  Pylon  
  139  8:45  Stalker x4  
  145  9:05  Stalker x5  
  132  9:20  Stalker x4  
  131  9:29  Immortal  
  131  9:30  Probe x2  
  127  9:38  Stalker x3  
  137  9:52  Probe x2  
  136  10:00  Probe  
  137  10:08  Adept x2  
  137  10:09  Adept x7  
  117  10:29  Stalker x5  
  117  10:30  Stalker x3  
  123  10:45  Immortal  
  123  10:46  Stalker  
  115  10:52  Adept  
  115  10:53  Adept x6  
  115  10:55  Probe x2  
  118  11:10  Sentry x2  
  116  11:19  Immortal  
  116  11:20  Stalker x4  
  116  11:22  Probe  
  119  11:36  Stalker  
  119  11:37  Stalker x3  
  119  11:52  High Templar  
  119  11:53  High Templar, Adept  
  119  11:54  Adept x2  
  129  11:57  Warp Prism  
  128  12:01  Archon  
  128  12:06  Probe x3  
  128  12:07  Protoss Ground Armor Level 2 (Chrono Boost), Protoss Ground Weapons Level 2 (Chrono Boost)  
  133  12:10  Adept  
  135  12:19  Stalker x3  
  135  12:22  Probe  
  142  12:23  Probe  
  142  12:27  Assimilator  
  145  12:30  Mothership Core  
  145  12:45  Stalker  
  145  12:46  Stalker x5  
  133  13:10  Stalker x8  
  75  13:48  Stalker x5  
  75  13:49  Stalker x4  
  75  13:51  Immortal (Chrono Boost)  
  93  14:10  High Templar  
  93  14:11  High Templar x3, Stalker  
  93  14:12  Stalker x4  
  93  14:16  Archon  
  93  14:17  Archon  
Tags
 
Add a new tag
Caveats
  • Supply blocks, unpowered buildings, or Contaminate may cause inaccurate times.
  • Supply counts are checked every 10 seconds.